 Dungeon Crawl Stone Soup version 0.20-a0-705-gbe8799e (webtiles) character file.

23 M4edhros the Skirmisher (level 2, 0/27 HPs)
             Began as a Minotaur Berserker on Feb 21, 2017.
             Was a Follower of Trog.
             Slain by a ball python (2 damage)
             ... on level 3 of the Dungeon.
             The game lasted 00:01:10 (271 turns).

M4edhros the Skirmisher (Minotaur Berserker)         Turns: 271, Time: 00:01:10

Health: 0/27       AC:  2    Str: 21    XL:     2   Next: 72%
Magic:  1/1        EV: 12    Int:  1    God:    Trog [*.....]
Gold:   43         SH:  0    Dex:  9    Spells: 1/1 levels left

rFire    . . .     SeeInvis .   a - +0 hand axe
rCold    . . .     Gourm    .   b - +0 animal skin
rNeg     . . .     Faith    .   (no shield)
rPois    .         Spirit   .   (helmet restricted)
rElec    .         Reflect  .   (no cloak)
rCorr    .         Harm     .   (no gloves)
MR       .....                  (no boots)
Stlth    +.........             (no amulet)
Regen    0.1/turn               (no ring)
MPRegen  0.1/turn               g - -3 ring of intelligence (curse)

@: very slightly contaminated, hasted, very quick
A: retaliatory headbutt, horns 2
a: Berserk, Burn Spellbooks, Renounce Religion


You were on level 3 of the Dungeon.
You worshipped Trog.
Trog was aware of your devotion.
You were not hungry.

You visited 1 branch of the dungeon, and saw 3 of its levels.

You collected 43 gold pieces.

Inventory:

Hand Weapons
 a - a +0 hand axe (weapon)
 f - a +0 short sword of electrocution
Missiles
 i - 27 sling bullets
Armour
 b - a +0 animal skin (worn)
Jewellery
 g - a cursed -3 ring of intelligence (left hand)
Scrolls
 d - a scroll of amnesia {unknown}
 j - a scroll of magic mapping {unknown}
Comestibles
 c - a bread ration


   Skills:
 + Level 4.1 Fighting
 + Level 4.0 Axes
 + Level 2.5 Armour
 + Level 2.7 Dodging


You had one spell level left.
You didn't know any spells.

Dungeon Overview and Level Annotations

Branches:
Dungeon (3/15)

Altars:

Portals:
Sewer: D:3


Innate Abilities, Weirdness & Mutations

You reflexively headbutt those who attack you in melee.
You have a pair of horns on your head.


Message History

The ball python hisses angrily.
You enter the shallow water.
Moving in this stuff is going to be slow.
The ball python bites you but does no damage.
The ball python barely misses you.
Your unstable footing causes you to fumble your attack.
The ball python bites you.
* * * LOW HITPOINT WARNING * * *
The ball python grabs you. The ball python constricts you.
You escape the ball python's grasp.
You hit the giant cockroach.
You kill the giant cockroach!
Trog accepts your kill.
You closely miss the ball python. The ball python bites you.
* * * LOW HITPOINT WARNING * * *
The ball python closely misses you.
You hit the ball python. Your headbutt misses the ball python.
The ball python is moderately wounded.
The ball python bites you.
You die...

#......###.###
#....[###### #......###r#
#........# #######....#
#.....##...
#......r###########.....#
##
#......###.........###.##
#......###.........# #.#
#......†.#.........###..
#......#.................
#####........@......#####.
####.....S........# #.
#..........<.....
#....≈≈≈r...##...
.....≈≈≈≈≈..## #.#
.#...≈≈∩≈≈...# .#
#...≈≈≈≈≈...%.
##...≈≈≈...###.
#.........#


You could see a ball python and a rat.

Vanquished Creatures
  A worm (D:2)
  A leopard gecko (D:2)
  An orc (D:2)
  2 bats
  A giant cockroach (D:3)
  A goblin (D:1)
  5 hobgoblins
  A ball python (D:3)
  A frilled lizard (D:2)
  2 kobolds
16 creatures vanquished.

Notes
Turn   | Place    | Note
-------+----------+-------------------------------------------
     0 | D:1      | M4edhros the Minotaur Berserker began the quest for the Orb.
     0 | D:1      | Reached XP level 1. HP: 19/19 MP: 0/0
    92 | D:2      | Reached XP level 2. HP: 17/27 MP: 1/1
   222 | D:3      | Found a glowing drain.
   230 | D:3      | HP: 1/27 [river rat (4)]
   271 | D:3      | Slain by a ball python

Vault maps used:
D:1:      minmay_arrival_up_and_down
D:2:      hangedman_decor_points, minmay_misc_feat_four_crosses, uniq_terence
D:3:      portal_sewer_entry_a, first_bread

Skill      XL: |  1  2 |
---------------+-------+-----
Axes           | 4 |  4.0
Fighting       | 4 |  4.1
Armour         | |  2.5
Dodging        | |  2.7

Action                   || total
-------------------------++-------
Melee: Hand axe          ||    28
       Headbutt          ||     7
  Use: Potion            ||     2
Armor: Animal skin       ||     8
Dodge: Dodged            ||    25
